 Dungeon Crawl Stone Soup version 0.32-a0-747-gc8563f6773 (webtiles) character file.

Game seed: 16918776071000773081

119810 cforsyth the Severer (level 16, -5/234 (235) HPs)
             Began as a Mountain Dwarf Cinder Acolyte on Mar 17, 2024.
             Was a High Priest of Ignis.
             Slain by a demonic crawler (11 damage)
             ... on level 1 of the Spider Nest.
             The game lasted 01:19:44 (51372 turns).

cforsyth the Severer (MDCA)                        Turns: 51372, Time: 01:19:45

HP:   -5/234 (235)  AC: 36    Str: 19 (21) XL:     16   Next: 28%
MP:   22/22         EV:  2    Int: 16 (19) God:    Ignis [*****.]
Gold: 2619          SH: 10    Dex:  4 (5)  Spells: 22/24 levels left

rFire   + . .        a - +0 broad axe
rCold   . . .        w - +2 buckler
rNeg    . . .        j - melded +2 chain mail {rF+}
rPois   +            q - melded +1 helmet
rElec   .            I - melded +2 cloak of Baldness {rC+ SInv}
rCorr   .            (gloves currently unavailable)
SInv    .            D - melded +0 pair of boots
Will    +....        f - amulet of reflection
Stlth   +            T - +4 ring of protection
HPRegen 0.59/turn    i - +4 ring of protection
MPRegen 0.18/turn

%: reflection
@: mighty, tree-form, studying Translocations, lightly drained, invisible
A: stationary, stasis, torment immunity, boosted hp, runic magic, artefact
enchanting
a: Renounce Religion, Fiery Armour, Foxfire Swarm, Rising Flame


You were on level 1 of the Spider Nest.
You worshipped Ignis.
Ignis was extremely pleased with you.
You were a tree.
You visited 4 branches of the dungeon, and saw 23 of its levels.
You also visited: Ice Cave.

You collected 3034 gold pieces.
You spent 415 gold pieces at shops.


Innate Abilities, Weirdness & Mutations

You are a tree.
Your roots penetrate the ground, keeping you stationary.
You cannot be teleported.
You are immune to unholy pain and torment.
Your maximum health is greatly increased.
Your equipment is partially melded.
Your spellcasting is much less encumbered by armour.
You can use scrolls of enchantment on lesser artefacts.


   Skills:
 + Level 17.7 Fighting
 - Level 18.4 Axes
 + Level 17.3 Armour
 - Level 5.0 Shields
 - Level 4.6 Spellcasting
 - Level 12.7 Fire Magic


You had 22 spell levels left.
You knew the following spells:

 Your Spells              Type           Power      Damage    Failure   Level
X - Scorch                Fire           88%        2d8       1%          2

Your spell library contained the following spells:

 Spells                   Type           Power      Damage    Failure   Level
 Volatile Blastmotes      Fire/Tloc      48%        2d14      4%          3
 Summon Blazeheart Golem  Fire/Summ      24%        N/A       14%         4
 Shock                    Conj/Air       12%        1d3       21%         1
 Summon Small Mammal      Summ           12%        N/A       21%         1
 Call Imp                 Summ           6%         N/A       30%         2
 Ensorcelled Hibernation  Hex/Ice        6%         N/A       30%         2
 Sublimation of Blood     Necr           3%         N/A       30%         2
 Call Canine Familiar     Summ           3%         N/A       52%         3
 Dazzling Flash           Conj/Hex       6%         N/A       52%         3
 Fugue of the Fallen      Necr           3%         N/A       52%         3
 Swiftness                Air            3%         N/A       52%         3
 Tukima's Dance           Hex            3%         N/A       52%         3
 Airstrike                Air            1%         2d(1-17)  89%         4
 Anguish                  Hex/Necr       1%         N/A       89%         4
 Dimensional Bullseye     Hex/Tloc       1%         N/A       89%         4
 Fulminant Prism          Conj/Alch      1%         3d5       89%         4
 Iskenderun's Mystic Bla  Conj/Tloc      3%         2d3       89%         4
 Passage of Golubria      Tloc           3%         N/A       89%         4
 Starburst                Conj/Fire      12%        6d5       91%         6
 Yara's Violent Unravell  Hex/Alch       1%         3d3       99%         5
 Sculpt Simulacrum        Ice/Alch       1%         N/A       100%        6
 Ozocubu's Refrigeration  Ice            1%         4d7       100%        7
 Summon Hydra             Summ           1%         N/A       100%        7
 Maxwell's Capacitive Co  Air            1%         ∞         100%        8
 Polar Vortex             Ice            1%         N/A       100%        9

Inventory:

Hand Weapons
 a - a +0 broad axe (weapon)
 b - the +3 mace of Kuumoo {speed, *Slow rN+++ Dex-4 SInv}
   (You found it on level 11 of the Dungeon)

   Dex-4:     It affects your dexterity (-4).
   rN+++:     It renders you almost immune to negative energy.
   SInv:      It lets you see invisible.
   *Slow:     It may slow you when you take damage.
 y - the +6 long sword of Qazlal's Vengeance {flame, rC+ Str+3}
   (You found it on level 5 of the Dungeon)

   Str+3:     It affects your strength (+3).
   rC+:       It protects you from cold.
Armour
 j - a +2 chain mail of fire resistance (melded)
 q - a +1 helmet (melded)
 w - a +2 buckler (worn)
 D - a +0 pair of boots (melded)
 I - the +2 cloak of Baldness (melded) {rC+ SInv}
   (You bought it in a shop on level 2 of the Orcish Mines)

   rC+:       It protects you from cold.
   SInv:      It lets you see invisible.
Magical Staves
 k - a staff of fire {!a}
 W - the staff of the Sneaky Places {rPois rC+ Stlth+ Alchemy, !a}
   (You found it on level 4 of the Lair of Beasts)

   [staff of alchemy]

   Base accuracy: +5 Base damage: 5 Base attack delay: 1.2 This weapon's minimum
   attack delay (0.6) is reached at skill level 12.
   rC+:       It protects you from cold.
   rPois:     It protects you from poison.
   Stlth+:    It makes you more stealthy.
   Alchemy:   It increases the power of your Alchemy spells.
   It falls into the 'Staves' category.
   It is a one-handed weapon.
Jewellery
 c - a ring of ice
 d - a ring of ice
 f - an amulet of reflection (around neck)
 i - a +4 ring of protection (right branch)
 t - a +4 ring of protection
 C - a ring of protection from cold
 F - a ring of fire
 M - a ring of magical power
 P - a ring of poison resistance
 R - a ring of resist corrosion
 S - a +6 ring of strength
 T - a +4 ring of protection (left branch)
 V - the amulet "Ceth" {Faith *Corrode rPois SInv}
   (You found it on level 4 of the Lair of Beasts)

   [amulet of faith]

   Faith:     It allows you to gain divine favour quickly.
   rPois:     It protects you from poison.
   SInv:      It lets you see invisible.
   *Corrode:  It may corrode you when you take damage.
Wands
 p - a wand of flame (37)
 E - a wand of mindburst (2)
 O - a wand of paralysis (12)
 U - a wand of roots (1)
 Y - a wand of digging (4)
Scrolls
 g - 3 scrolls of poison
 l - 3 scrolls of fog
 o - 3 scrolls of enchant armour
 r - 6 scrolls of immolation
 u - a scroll of revelation
 z - a scroll of noise
 B - 6 scrolls of enchant weapon
 J - a scroll of vulnerability
 K - a scroll of identify {@r1}
 L - a scroll of butterflies
 Q - a scroll of torment
Potions
 e - a potion of ambrosia
 s - a potion of cancellation
 v - 2 potions of invisibility
 A - 7 potions of attraction
 G - a potion of mutation
 H - 4 potions of brilliance
 N - 3 potions of curing {@q1}

Dungeon Overview and Level Annotations

Branches:
Dungeon (15/15)            Temple (0/1) D:4            Lair (5/5) D:11
 Shoals (0/4) Lair:2       Spider (1/4) Lair:2        Slime (0/5) Lair:5
    Orc (2/2) D:12            Elf (0/3) Orc:2        Vaults (0/5) D:14
 Depths (0/4) D:15          IceCv (visited)

Altars:
Cheibriados
Elyvilon
Kikubaaqudgha
Makhleb
Okawaru
Sif Muna
Jiyva

Shops:
D:8 * Orc:2

[*(:
.....sss...#.^........s....#
....#s.#.....##.##.#.....>
#.#.Z.).................# .##
..#.###s...#.....#....#.#....#
.......#....s#.##..#.....#
..#........#.....s.......#
^...#.#.....>.^.#ss..#.#..#
.#........#...###s#^..#####
...#^..#....#..s♣#...##
...#...........s###.##
....#..##......## #s#
....#.....#.#..# ###
........#^.....#
.#...#..#.#....#
................#
.....##....#.....#
.#.#..#(^..#...##.


You could see 3 demonic crawlers, a redback (unable to see you) and 2 scorpions.


Message History

You closely miss the demonic crawler.
The demonic crawler is lightly wounded.
You hit the scorpion but do no damage. You barely miss the demonic crawler.
The demonic crawler hits you.
* * * LOW HITPOINT WARNING * * *
The demonic crawler hits you but does no damage.
The demonic crawler hits you!
* * * LOW HITPOINT WARNING * * *
The scorpion stings you but does no damage.
Unknown command.
You closely miss the demonic crawler.
The demonic crawler is lightly wounded.
You closely miss the demonic crawler. You slice the scorpion!!
The demonic crawler hits you but does no damage. x2
The demonic crawler completely misses you.
The demonic crawler hits you.
* * * LOW HITPOINT WARNING * * *
The demonic crawler hits you but does no damage. x2
The scorpion stings you.
* * * LOW HITPOINT WARNING * * *
Unknown command.
Unknown command.
You attack the rock wall.
You feel less invigorated.
You feel less confused.
The demonic crawler hits you but does no damage.
You block the demonic crawler's attack.
The demonic crawler hits you but does no damage.
The demonic crawler hits you!
You die...
Ignis goes out, and joins you in death.

Skill      XL: |  1  2  3  4  5  6  7  8  9 10 11 12 13 14 15 16 |
---------------+-------------------------------------------------+-----
Armour         | 1 2 3 4 5 7 8 10 11 13 15 16 17 | 17.3
Axes           | 4 5 6 7 8 10 11 13 15 16 18 | 18.4
Fire Magic     | 4 5 6 7 8 10 11 12 | 12.7
Fighting       | 4 5 6 8 9 10 12 13 15 17 | 17.7
Spellcasting   | 2 3 4 |  4.6
Shields        | 1 4 5 |  5.0

Action                     |  1- 3 |  4- 6 |  7- 9 | 10-12 | 13-15 | 16-18 || total
---------------------------+-------+-------+-------+-------+-------+-------++-------
  Melee: Hand axe          |    97 |    18 |       |       |       |       ||   115
         Long sword        |       |       |    95 |    81 |       |       ||   176
         Mace              |       |       |       |   629 |   791 |       ||  1420
         War axe           |       |       |       |       |   666 |       ||   666
         Broad axe         |       |       |       |       |  1123 |   319 ||  1442
         Unarmed           |       |       |       |       |    16 |       ||    16
  Throw: Throwing net      |     1 |       |       |       |       |       ||     1
   Cast: Scorch            |    19 |    69 |   167 |   352 |   213 |    19 ||   839
  Evoke: Wand              |       |     4 |       |    27 |    21 |     1 ||    53
    Use: Scroll            |       |       |    11 |    14 |    15 |     6 ||    46
         Potion            |       |       |       |     2 |     9 |    15 ||    26
   Stab: Paralysed         |       |       |       |    17 |       |       ||    17
         Invisible         |       |       |       |       |     3 |       ||     3
 Armour: Robe              |    63 |    20 |       |       |       |       ||    83
         Chain mail        |       |    21 |   227 |   893 |  2128 |   439 ||  3708
         Skin              |       |       |       |       |    25 |   104 ||   129
  Dodge: Dodged            |    57 |    21 |    99 |   261 |   630 |   128 ||  1196
  Block: Other             |     7 |     9 |    51 |    32 |    36 |       ||   135
         Reflection        |       |     1 |     4 |    28 |    37 |       ||    70
         Buckler           |       |       |       |   427 |  1223 |   226 ||  1876

Levels and vault maps discovered:
D:1:      wander_arrival_lonely_grave, layout_basic
D:2:      layout_basic, ebering_ecumenical_altar_sacrificial
D:3:      layout_loops_corners, nicolae_goblin_pals
D:4:      nicolae_cairo_tiling_large_dashed, layout_loops_ring,
          mainiacjoe_overflow_alcove_1, minmay_temple_entry_tees,
          reono_crystal_passage, kennysheep_big_empty_room
D:5:      layout_basic, slow_altar_2
D:6:      layout_gridville, lemuel_coloured_pillars_altar
D:7:      layout_rooms, nicolae_sif_muna_condensation,
          ebering_ghost_reflecting_pool
D:8:      layout_cave_pods, general_overflow_altar, special_room
          [special_room_orc], chequers_serial_rivers_micro_c,
          nicolae_transmutations_shop, uniq_jeremiah
D:9:      layout_small_grid
D:10:     layout_loops_ring
D:11:     layout_long_grid, dpeg_oklobed_lair, minivault_8
D:12:     layout_loops_ring, david_orc_3, special_room [special_room_orc],
          uniq_erolcha
D:13:     nicolae_cairo_tiling_very_big, layout_irregular_city,
          lemuel_flame_loot_1
D:14:     layout_cave_pods, david_vaults_2, serial_park_square2, uniq_agnes
D:15:     grunt_enter_depths_hoard, layout_loops_corners, uniq_azrael,
          uniq_kirke
Lair:1:   layout_gridlike, gauntlet_entry_generic, grunt_megastairs_3
Lair:2:   mu_elephants_graveyard, layout_chaotic_city, shoals_dummy_entry,
          nicolae_spider_entry_non_spiders, bobbens_dragon_lair_wall
Lair:3:   layout_small_grid, nicolae_lair_grove_arrangements,
          hangedman_lair_generics_rect
Lair:4:   layout_regular_city, minmay_lindwurm_lava
Lair:5:   wormcave, layout_big_grid, hangedman_lair_tendril_chambers,
          slime_entry_1, portal_ice_cave_entry_pillars_2
Spider:1: spiders_nest_a, drop_trap
Orc:1:    layout_diamond_mine
Orc:2:    grunt_orc_tribal_feast, layout_caves, bloody_makhleb

Notes
Turn   | Place    | Note
-------+----------+-------------------------------------------
     0 | D:1      | cforsyth the Mountain Dwarf Cinder Acolyte began the quest
                  | for the Orb.
     0 | D:1      | Reached XP level 1. HP: 19/19 MP: 2/2
   225 | D:1      | Reached XP level 2. HP: 26/26 MP: 3/3
   939 | D:1      | Reached skill level 1 in Armour
  1231 | D:2      | Found a faded altar of an unknown god.
  1261 | D:2      | Reached skill level 4 in Axes
  1364 | D:2      | Reached XP level 3. HP: 28/31 MP: 5/5
  1467 | D:1      | Learned a level 2 spell: Scorch
  1477 | D:2      | Reached skill level 4 in Fire Magic
  2034 | D:3      | Noticed Robin
  2034 | D:3      | Noticed Ijyb
  2146 | D:2      | Killed Ijyb
  2147 | D:2      | Reached XP level 4. HP: 28/40 MP: 0/6
  2272 | D:3      | Killed Robin
  2273 | D:3      | Reached skill level 4 in Fighting
  2992 | D:3      | Reached skill level 2 in Armour
  3520 | D:4      | Reached skill level 2 in Spellcasting
  3527 | D:4      | Reached XP level 5. HP: 46/46 MP: 0/8
  3975 | D:4      | Noticed an ogre
  3985 | D:4      | Killed an ogre
  4095 | D:4      | Noticed a black bear
  4099 | D:4      | Killed a black bear
  4100 | D:4      | Reached XP level 6. HP: 53/53 MP: 6/9
  4188 | D:4      | Found a staircase to the Ecumenical Temple.
  4383 | D:4      | Reached skill level 5 in Axes
  4383 | D:4      | Reached skill level 5 in Fire Magic
  4546 | D:4      | Found a white marble altar of Elyvilon.
  4702 | D:5      | Entered Level 5 of the Dungeon
  4725 | D:5      | Reached skill level 3 in Armour
  5127 | D:5      | Identified the +5 long sword of Qazlal's Vengeance {flame,
                  | rC+ Str+3}
  5163 | D:5      | Reached XP level 7. HP: 60/60 MP: 4/11
  5234 | D:5      | Reached skill level 5 in Fighting
  5311 | D:5      | Reached skill level 3 in Spellcasting
  5447 | D:5      | Found a snail-covered altar of Cheibriados.
  6411 | D:6      | Reached skill level 4 in Armour
  6418 | D:6      | Reached skill level 6 in Axes
  6418 | D:6      | Reached skill level 6 in Fire Magic
  6742 | D:6      | Reached XP level 8. HP: 70/70 MP: 2/13
  6940 | D:6      | Found an iron altar of Okawaru.
  7375 | D:6      | Reached skill level 6 in Fighting
  7610 | D:6      | Reached skill level 5 in Armour
  7610 | D:6      | Reached skill level 4 in Spellcasting
  7839 | D:7      | Reached skill level 7 in Axes
  7839 | D:7      | Reached skill level 7 in Fire Magic
  8033 | D:7      | Found a shimmering blue altar of Sif Muna.
  8046 | D:7      | Reached XP level 9. HP: 53/78 MP: 4/15
  8691 | D:7      | Found a runed translucent door.
  8695 | D:7      | Noticed RandomusNamus's ghost (novice DjCj)
  9016 | D:7      | Reached skill level 7 in Fighting
  9016 | D:7      | Reached skill level 6 in Armour
  9651 | D:7      | Reached skill level 8 in Axes
  9651 | D:7      | Reached skill level 8 in Fire Magic
  9941 | D:8      | Found Xanegi's Changing Room.
  9973 | D:8      | Found an ancient bone altar of Kikubaaqudgha.
 10151 | D:8      | Noticed Jeremiah
 10321 | D:8      | Reached skill level 7 in Armour
 10472 | D:8      | Reached skill level 8 in Fighting
 10491 | D:8      | Reached XP level 10. HP: 82/88 MP: 8/16
 10504 | D:8      | Reached skill level 9 in Axes
 10504 | D:8      | Reached skill level 9 in Fire Magic
 11299 | D:8      | Killed Jeremiah
 11993 | D:9      | Reached skill level 8 in Armour
 12202 | D:9      | Reached skill level 9 in Fighting
 12755 | D:10     | Entered Level 10 of the Dungeon
 12810 | D:10     | Reached skill level 10 in Fire Magic
 12812 | D:10     | Reached skill level 10 in Axes
 13958 | D:11     | Found a staircase to the Lair.
 13958 | D:11     | Noticed an oklob plant
 14206 | D:11     | Noticed a boulder beetle
 14232 | D:11     | Identified the +3 mace of Kuumoo {speed, *Slow rN+++ Dex-4
                  | SInv}
 14308 | D:11     | Killed a boulder beetle
 14309 | D:11     | Reached skill level 1 in Shields
 14309 | D:11     | Reached XP level 11. HP: 53/97 MP: 17/17
 14463 | D:11     | Noticed a white ugly thing
 14493 | D:11     | Killed a white ugly thing
 14628 | D:10     | Reached skill level 9 in Armour
 14905 | D:10     | HP: 1/97 [molten gargoyle/bolt of magma (18)]
 14910 | D:10     | Reached skill level 2 in Shields
 15141 | D:11     | Noticed a two-headed ogre
 15314 | D:11     | Killed a two-headed ogre
 15912 | D:12     | Reached skill level 3 in Shields
 15988 | D:12     | Noticed a centaur warrior
 15993 | D:12     | Noticed Erolcha
 16065 | D:12     | Noticed a centaur warrior
 16279 | D:12     | Reached skill level 10 in Fighting
 16381 | D:11     | Killed a centaur warrior
 16474 | D:11     | Reached skill level 11 in Fire Magic
 16547 | D:11     | Reached skill level 11 in Axes
 16709 | D:12     | Found a staircase to the Orcish Mines.
 17472 | D:12     | Reached skill level 4 in Shields
 17475 | D:12     | Noticed an orc knight
 17657 | D:11     | Killed an oklob plant
 17738 | Lair:1   | Entered Level 1 of the Lair of Beasts
 18344 | Lair:1   | Reached skill level 10 in Armour
 18421 | Lair:1   | Reached XP level 12. HP: 44/108 MP: 8/18
 18437 | Lair:1   | Reached skill level 5 in Shields
 19074 | Lair:1   | Reached skill level 11 in Fighting
 19095 | Lair:1   | Reached skill level 12 in Fire Magic
 19667 | Lair:1   | Reached skill level 12 in Axes
 20759 | Lair:1   | Reached skill level 11 in Armour
 21706 | Lair:2   | Noticed a dire elephant
 22138 | Lair:2   | Noticed a four-headed hydra
 22151 | Lair:2   | Killed a four-headed hydra
 22152 | Lair:2   | Reached skill level 12 in Fighting
 22324 | Lair:1   | Reached skill level 13 in Axes
 22819 | Lair:1   | Reached XP level 13. HP: 111/118 MP: 3/19
 24228 | Lair:2   | Reached skill level 12 in Armour
 25273 | Lair:2   | Found a staircase to the Shoals.
 26065 | D:12     | Killed Erolcha
 26066 | D:12     | Reached skill level 13 in Fighting
 26066 | D:12     | Reached skill level 14 in Axes
 28200 | Lair:1   | Killed a dire elephant
 28380 | Lair:2   | Found a hole to the Spider Nest.
 28679 | Lair:3   | Reached skill level 13 in Armour
 30994 | Lair:4   | Reached skill level 15 in Axes
 30994 | Lair:4   | Reached XP level 14. HP: 98/130 MP: 0/20
 31455 | Lair:4   | Reached skill level 14 in Fighting
 33253 | Lair:4   | Reached skill level 14 in Armour
 33727 | Lair:4   | Identified the amulet "Ceth" {Faith *Corrode rPois SInv}
 33729 | Lair:4   | Identified the staff of the Sneaky Places {rPois rC+ Stlth+
                  | Alchemy}
 33849 | Lair:5   | Entered Level 5 of the Lair of Beasts
 33996 | Lair:5   | Found a frozen archway.
 34050 | IceCv    | Entered an ice cave
 34953 | IceCv    | Noticed a reaper
 34984 | IceCv    | Killed a reaper
 35047 | IceCv    | Reached skill level 16 in Axes
 35520 | Lair:5   | Reached skill level 15 in Fighting
 35876 | Lair:5   | Found a staircase to the Slime Pits.
 35876 | Lair:5   | Found a viscous altar of Jiyva.
 36985 | Lair:5   | Reached skill level 15 in Armour
 37680 | Lair:5   | Reached XP level 15. HP: 103/141 MP: 21/21
 38219 | Lair:5   | Identified the +6 orcbow of Laceration {drain, rPois rN+}
 38508 | Orc:1    | Entered Level 1 of the Orcish Mines
 38702 | Orc:2    | Entered Level 2 of the Orcish Mines
 38702 | Orc:2    | Found a burning altar of Makhleb.
 39327 | Orc:1    | Reached skill level 17 in Axes
 39618 | Orc:2    | Identified a +1 robe of resistance
 39775 | Orc:2    | Identified the +1 robe "Hiagh" {Fly rF+ Int+3}
 40372 | Orc:2    | Reached skill level 16 in Fighting
 40520 | Orc:2    | Found a staircase to the Elven Halls.
 41050 | Orc:1    | Paralysed by an ogre mage for 2 turns
 41267 | Orc:2    | Found Hatoesm's General Store.
 41267 | Orc:2    | Found Xuolopod's Armour Shoppe.
 41279 | Orc:2    | Found Nuduhed's Weapon Shoppe.
 41279 | Orc:2    | Found Keefauzi's Book Boutique.
 42073 | D:14     | Noticed Agnes
 42100 | D:14     | Killed Agnes
 43590 | D:14     | Reached skill level 16 in Armour
 43698 | D:14     | You fall into a shaft and drop 1 floor!
 43698 | D:15     | Entered Level 15 of the Dungeon
 44871 | D:14     | Reached skill level 18 in Axes
 46057 | D:14     | Found a gate to the Vaults.
 46734 | D:15     | Noticed Kirke
 46739 | D:15     | Noticed a sphinx
 47197 | D:15     | Killed Kirke
 47198 | D:15     | Reached skill level 17 in Fighting
 47630 | D:15     | Reached XP level 16. HP: 155/155 MP: 22/22
 47632 | D:15     | Noticed Azrael
 47657 | D:15     | Killed Azrael
 47856 | D:15     | Found a staircase to the Depths.
 48110 | D:7      | Killed RandomusNamus's ghost
 48289 | Spider:1 | Entered Level 1 of the Spider Nest
 49730 | Spider:1 | Reached skill level 17 in Armour
 51139 | Orc:2    | Bought the +1 cloak of Baldness {rC+ SInv} for 415 gold
                  | pieces
 51325 | Spider:1 | HP: 7/156 [tarantella (9)]
 51355 | Spider:1 | HP: 20/234 [demonic crawler (8)]
 51367 | Spider:1 | HP: 15/234 [demonic crawler (13)]
 51370 | Spider:1 | HP: 6/234 [demonic crawler (13)]
 51372 | Spider:1 | Slain by a demonic crawler

Vanquished Creatures
  Kirke (D:15)
  Agnes (D:14)
  A ghost moth (Spider:1)
  A reaper (IceCv)
  A broodmother (Lair:2)
  An orc warlord (Orc:2)
  A dire elephant (Lair:1)
  Azrael (D:15)
  2 ettins
  3 fire dragons
  3 hydras
  Erolcha (D:12)
  3 ogre magi
  2 radroaches
  7 two-headed ogres
  4 tengu warriors
  2 catoblepae
  3 centaur warriors
  A death knight (D:14)
  3 boulder beetles
  6 death yaks (Lair:4)
  3 orc high priests (Orc:1)
  A skyshark (Lair:4)
  A pharaoh ant (Spider:1)
  4 skeletal warriors (D:15)
  The ghost of RandomusNamus the Ducker, a novice DjCj of Makhleb (D:7)
  An orb spider (shapeshifter) (D:14)
  An arcanist (D:13)
  A sun moth (Lair:3)
  6 lindwurms
  2 steelbarb worms
  A deep elf pyromancer (D:14)
  5 orc knights
  4 wolf spiders
  6 cyclopes
  An orc sorcerer (Orc:2)
  An oklob plant (D:11)
  6 ugly things
  2 manticores
  2 ice statues (IceCv)
  28 elephants
  4 molten gargoyles
  11 black mambas
  6 kobold blastminers
  A guardian serpent (Lair:5)
  6 torpor snails
  3 meliai (D:14)
  18 cane toads
  A black mamba (shapeshifter) (D:14)
  Jeremiah (D:8)
  4 tengu conjurers
  10 komodo dragons
  4 rime drakes
  4 ice devils (IceCv)
  2 trolls
  3 polar bears
  10 hornets
  10 tarantellas
  3 tyrant leeches (Lair:5)
  9 blink frogs
  5 culicivoras
  4 jumping spiders
  A spriggan (Lair:1)
  4 shadows
  A vampire (D:10)
  2 dire elephant simulacra (IceCv)
  41 yaks
  17 wyverns
  3 wargs
  7 hogs (D:15)
  A wraith (D:11)
  6 basilisks
  A human (shapeshifter) (D:14)
  4 fire elementals (D:15)
  A death yak simulacrum (IceCv)
  10 steam dragons
  3 vampire mosquitoes
  13 redbacks
  2 acid dragons
  A hell hound (D:15)
  A hydra simulacrum (IceCv)
  20 water moccasins
  An ice beast (D:6)
  3 sky beasts (D:7)
  24 orc warriors
  2 laughing skulls (D:13)
  2 black bears
  9 ogres
  24 wolves
  9 centaurs
  A phantom (D:5)
  A kobold brigand (D:9)
  12 bullfrogs
  4 gnoll sergeants
  2 cane toad simulacra (IceCv)
  11 scorpions
  5 killer bees
  8 howler monkeys
  2 bombardier beetles
  A lava snake (D:11)
  3 hounds
  A jelly (D:5)
  22 orc priests
  2 iguanas
  A sleepcap (D:8)
  Ijyb (D:2)
  17 orc wizards
  2 troll simulacra (IceCv)
  A spriggan simulacrum (IceCv)
  2 wolf simulacra (IceCv)
  Robin (D:3)
  6 adders
  15 gnolls
  3 naga simulacra (IceCv)
  2 shadow imps (D:7)
  4 white imps
  8 ufetubi
  5 ribbon worms
  6 dart slugs
  84 orcs
  6 ball pythons
  2 bats (D:1)
  7 endoplasms
  5 giant cockroaches
  6 goblins
  6 hobgoblins
  4 jackals
  9 kobolds
  5 quokkas
  4 frilled lizards
  3 rats
747 creatures vanquished.

Vanquished Creatures (others)
  3 yaks (D:10)
  An acid dragon (D:13)
  A white imp (IceCv)
  An orc (D:8)
6 creatures vanquished.

Grand Total: 753 creatures vanquished

Table legend: (Time is in decaauts)
 A = Elapsed time spent in this place.
 B = Non-inter-level travel time spent in this place.
 C = Inter-level travel time spent in this place.
 D = Time resting spent in this place.
 E = Time spent auto-exploring this place.
 F = Levels seen in this place.
 G = Mean time per level.
                   A        B        C        D        E       F      G
               +--------+--------+--------+--------+--------+-----+--------+
         Total |  50700 |  48473 |   2227 |  14336 |  25271 |  24 | 2112.5 |
       Dungeon |  26675 |  25376 |   1299 |   6587 |  14813 |  15 | 1778.3 |
          Lair |  18612 |  17869 |    743 |   5848 |   8343 |   5 | 3722.4 |
   Spider Nest |    743 |    743 |      0 |    350 |    135 |   1 |  743.0 |
  Orcish Mines |   3559 |   3375 |    184 |   1277 |   1492 |   2 | 1779.5 |
      Ice Cave |   1109 |   1109 |      0 |    272 |    488 |   1 | 1109.0 |
               +--------+--------+--------+--------+--------+-----+--------+

Top non-repeatable levels by time:
  Lair:1: 5518 daAuts
  Lair:2: 4504 daAuts
    D:15: 2981 daAuts
  Lair:5: 2968 daAuts
  Lair:4: 2910 daAuts
    D:14: 2885 daAuts
  Lair:3: 2711 daAuts
    D:11: 2678 daAuts
     D:8: 2374 daAuts
   Orc:1: 1996 daAuts
     D:7: 1804 daAuts
    D:10: 1791 daAuts
     D:5: 1671 daAuts
    D:12: 1622 daAuts
   Orc:2: 1562 daAuts

Table legend:
 A = Non-vault XP
 B = Vault XP
 C = Vault XP percentage of total XP
 D = Non-vault monster count
 E = Vault monster count
 F = Vault count percentage of total count
                 A         B        C        D         E       F
            +---------+---------+-------+---------+---------+-------
      Total |  105813 |   65345 |  38.2 |     493 |     257 |  34.3
            +---------+---------+-------+---------+---------+-------
        D:1 |      31 |       0 |   0.0 |      16 |       0 |   0.0
        D:2 |      58 |      41 |  41.4 |      17 |       4 |  19.0
        D:3 |      41 |      21 |  33.9 |      13 |       4 |  23.5
        D:4 |     358 |       0 |   0.0 |      18 |       0 |   0.0
        D:5 |     547 |      48 |   8.1 |      14 |       1 |   6.7
        D:6 |    1172 |       0 |   0.0 |      19 |       0 |   0.0
        D:7 |    1367 |     894 |  39.5 |      23 |       4 |  14.8
        D:8 |    2952 |     749 |  20.2 |      24 |      22 |  47.8
        D:9 |    1415 |       0 |   0.0 |      24 |       0 |   0.0
       D:10 |    1398 |    1342 |  49.0 |      11 |       3 |  21.4
       D:11 |    3932 |    1767 |  31.0 |      10 |       5 |  33.3
       D:12 |    2486 |    1820 |  42.3 |      12 |      25 |  67.6
       D:13 |    3697 |       0 |   0.0 |       9 |       0 |   0.0
       D:14 |    9641 |    2792 |  22.5 |      16 |       4 |  20.0
       D:15 |   13010 |    6617 |  33.7 |      21 |      16 |  43.2
     Lair:1 |   10449 |    6469 |  38.2 |      48 |      22 |  31.4
     Lair:2 |   14583 |    5192 |  26.3 |      47 |      19 |  28.8
     Lair:3 |    5563 |    3656 |  39.7 |      20 |       8 |  28.6
     Lair:4 |   11469 |    2958 |  20.5 |      25 |       5 |  16.7
     Lair:5 |    6631 |   17498 |  72.5 |      21 |      56 |  72.7
   Spider:1 |    6751 |     326 |   4.6 |      18 |       4 |  18.2
      Orc:1 |    4838 |    5448 |  53.0 |      42 |      13 |  23.6
      Orc:2 |    3424 |    3146 |  47.9 |      25 |      17 |  40.5
      IceCv |       0 |    4561 | 100.0 |       0 |      25 | 100.0
            +---------+---------+-------+---------+---------+-------
